 Dungeon Crawl Stone Soup version 0.29.1-1-gd02db6906a (webtiles) character file.

Game seed: 7810519451666558322

3614 101zpm the Thaumaturge (level 10, -3/60 HPs)
             Began as a Djinni Fire Elementalist on Oct 3, 2022.
             Killed by an exploding water moccasin (6 damage)
             ... ignited by their inner flame
             ... on level 8 of the Dungeon.
             The game lasted 00:22:46 (10733 turns).

101zpm the Thaumaturge (Djinni Fire Elementalist)  Turns: 10733, Time: 00:22:46

Health: -3/60      AC:  6    Str:  7    XL:     10   Next: 32%
Gold:   435        EV: 12    Int: 20    God:
                   SH:  0    Dex: 15

rFire   + + .      SeeInvis .   (no weapon)
rCold   . . .      Faith    .   (no shield)
rNeg    . . .      Spirit   .   D - +3 leather armour {rC+}
rPois   ∞          Reflect  .   (no helmet)
rElec   .          Harm     .   (no cloak)
rCorr   .          Rampage  .   (no gloves)
Will    +....                   (boots unavailable)
Stlth   ++........              (no amulet)
HPRegen 0.20/turn               (no ring)
MPRegen 0.00/turn               (no ring)

@: flying
A: sickness immunity, fire resistance 2, cold vulnerability 1, float, innate
caster, HP casting, extra vitality 1
a: no special abilities


You were on level 8 of the Dungeon.
You visited 2 branches of the dungeon, and saw 9 of its levels.

You collected 435 gold pieces.

Inventory:

Hand Weapons
 E - a +0 club
Missiles
 f - a throwing net
 B - 10 poisoned darts
 C - 20 stones
Armour
 a - a +0 robe
 D - a +3 leather armour of cold resistance (worn)
Jewellery
 l - an amulet of the acrobat
 w - a ring of ice
 x - a ring of positive energy
 y - a ring of ice
 z - a ring of wizardry
Wands
 t - a wand of flame (37)
 v - a wand of mindburst (12)
Scrolls
 b - 2 scrolls of enchant weapon {unknown}
 d - 2 scrolls of fear {unknown}
 h - 2 scrolls of poison {unknown}
 i - 8 scrolls of identify {unknown}
 j - a scroll of vulnerability {unknown}
 n - 5 scrolls of teleportation {unknown}
 p - a scroll of amnesia {unknown}
 q - a scroll of noise {unknown}
 s - 2 scrolls of magic mapping {unknown}
 u - 3 scrolls of butterflies {unknown}
 F - a scroll of torment {unknown}
Potions
 c - 2 potions of might {unknown}
 e - a potion of ambrosia {unknown}
 g - 4 potions of curing {unknown}
 k - 2 potions of attraction {unknown}
 m - 3 potions of flight {unknown}
 o - 3 potions of degeneration {unknown}
 r - 3 potions of haste {unknown}
 A - a potion of magic {unknown}


   Skills:
 + Level 0.1 Fighting
 + Level 1.8 Armour
 + Level 3.7 Dodging
 + Level 3.4 Stealth
 + Level 10.5 Spellcasting


You had 8 spell levels left.
You knew the following spells:

 Your Spells              Type           Power      Damage    Failure   Level
a - Foxfire               Conj/Fire      100%       2x1d9     1%          1
b - Scorch                Fire           100%       2d10      1%          2
c - Conjure Flame         Conj/Fire      52%        6-21      1%          3
d - Inner Flame           Hex/Fire       52%        N/A       1%          3
e - Flame Wave            Conj/Fire      52%        2d13      1%          4
f - Sandblast             Erth           100%       2d20      1%          1
g - Searing Ray           Conj           100%       2d8       1%          2
h - Summon Guardian Gole  Hex/Summ       52%        N/A       1%          3
i - Swiftness             Air            52%        N/A       1%          3
Your spell library was empty.

Dungeon Overview and Level Annotations

Branches:
Dungeon (8/15)             Temple (1/1) D:7
   Lair: D:8-11

Altars:
Ashenzari
Cheibriados
Dithmenos
Elyvilon
Fedhas
Gozag
Hepliaklqana
Makhleb
Nemelex Xobeh
Okawaru
Qazlal
Ru
Trog
Uskayaw
Wu Jian
Xom
Yredelemnul
Zin
The Shining One

Shops:
D:3 [   D:4 [


Innate Abilities, Weirdness & Mutations

You are immune to sickness and miasma.
You are immune to poison.
Your flesh is very heat resistant. (rF++)
You are vulnerable to cold. (rC-)
You float through the air rather than walking.
You learn spells naturally, not from books.
Your magical power is your life essence.
You have superior vitality. (+4 MHP)


Message History

The water moccasin is severely wounded.
The water moccasin's fire resistance burns away.
* * * LOW HITPOINT WARNING * * *
The wyvern bites your guardian golem but does no damage.
The wyvern bites your guardian golem!
Casting: Scorch (safe; 1% risk of failure)
Confirm with . or Enter, or press ? or * to list all spells.
Aiming: Inner Flame (safe; 1% risk of failure)
Press: ? - help, Dir - move target, f - water moccasin
Aim: a water moccasin (severely wounded, more vulnerable to fire, chance to affect: 93%)
The water moccasin is filled with an inner flame.
* * * LOW HITPOINT WARNING * * *
The water moccasin bites your guardian golem.
The wyvern bites your guardian golem but does no damage.
The water moccasin bites your guardian golem!
Your guardian golem overheats!
The water moccasin bites you.
* * * LOW HITPOINT WARNING * * *
The wyvern bites your guardian golem! Flame seeps out of your guardian golem.
Your guardian golem is engulfed in blazing flames.
Flame seeps out of your guardian golem. The wyvern bites your guardian golem!
Your guardian golem disappears in a puff of smoke!
Your guardian golem explodes!
The fiery explosion engulfs the wyvern!
The wyvern dies!
The fiery explosion engulfs the water moccasin!!
You feel a bit more experienced.
The water moccasin attacks as you move away!
The water moccasin barely misses you.
The water moccasin is engulfed in blazing flames. x2
The water moccasin dies!
Casting: Inner Flame (safe; 1% risk of failure)
Confirm with . or Enter, or press ? or * to list all spells.
Flames lash the water moccasin.
The water moccasin is burned terribly!
* * * LOW HITPOINT WARNING * * *
The water moccasin explodes!
The fiery explosion engulfs the black bear!!
The black bear is severely wounded.
The fiery explosion engulfs you. You resist.
You die...

##......#......######
#......#............
#......#########..^.
#..>...........#....
#..............#....
#..............#####
###+##..............#
#...................#
#.....§§@...........#
#.....§§............#
#.....h§§...........#
##...................#####
#..§§§####'##........#....
#..§°§#.....#........#....
#..§§.#.....#........#....
#.KKK.#.....#........#....
#....S###...#........#....


You could see a black bear and 2 kobolds.

Vanquished Creatures
  Pikel (D:7)
  Sigmund (D:2)
  A steam dragon (D:8)
  4 water moccasins
  4 black bears
  2 ice beasts
  2 sky beasts
  2 ogres
  A lemure (D:7)
  2 kobold brigands
  A necrophage (D:4)
  4 bullfrogs
  2 scorpions
  4 hounds
  A jelly (D:6)
  3 gnoll boudas
  3 orc priests
  Ijyb (D:5)
  2 iguanas (D:6)
  2 orc wizards
  Robin (D:2)
  16 gnolls
  7 adders
  A shadow imp (D:7)
  2 white imps
  An ufetubus (D:6)
  4 worms
  3 dart slugs
  8 orcs
  6 ball pythons
  10 endoplasms
  4 giant cockroaches
  11 goblins
  14 hobgoblins
  2 jackals (D:4)
  2 quokkas
  8 bats
  A frilled lizard (D:1)
  14 kobolds
  3 rats
161 creatures vanquished.

Vanquished Creatures (others)
  A wyvern (D:8)
  A water moccasin (D:8)
  A kobold (D:8)
  457 foxfires
  60 fungi (D:8)
  51 plants (D:8)
571 creatures vanquished.

Grand Total: 732 creatures vanquished

Notes
Turn   | Place    | Note
-------+----------+-------------------------------------------
     0 | D:1      | 101zpm the Djinni Fire Elementalist began the quest for the
                  | Orb.
     0 | D:1      | 101zpm set off with the following spells memorised:
                  | Foxfire, Scorch, Conjure Flame, Inner Flame, Flame Wave.
     0 | D:1      | Reached XP level 1. HP: 15/15 MP: 0/0
   258 | D:1      | Reached XP level 2. HP: 15/21 MP: 0/0
   579 | D:1      | Found a faded altar of an unknown god.
   836 | D:1      | Reached skill level 3 in Spellcasting
   836 | D:1      | Reached XP level 3. HP: 21/25 MP: 0/0
   836 | D:1      | Learned a level 1 spell: Sandblast
  2077 | D:2      | Reached XP level 4. HP: 26/31 MP: 0/0
  2116 | D:2      | Noticed Sigmund
  2130 | D:2      | Killed Sigmund
  2131 | D:2      | Reached skill level 4 in Spellcasting
  2131 | D:2      | Reached XP level 5. HP: 16/35 MP: 0/0
  2131 | D:2      | Learned a level 2 spell: Searing Ray
  2131 | D:2      | Reached XP level 6. HP: 19/40 MP: 0/0
  2998 | D:2      | Noticed Robin
  3002 | D:2      | Killed Robin
  3283 | D:2      | Reached skill level 5 in Spellcasting
  4319 | D:3      | Found Baettau's Armour Shoppe.
  5019 | D:4      | Found an iron altar of Okawaru.
  5085 | D:4      | Noticed an ogre
  5090 | D:4      | Killed an ogre
  5091 | D:4      | Reached XP level 7. HP: 22/45 MP: 0/0
  5091 | D:4      | Learned a level 3 spell: Summon Guardian Golem
  5498 | D:4      | Found Azunuos's Antique Armour Boutique.
  6087 | D:4      | Found a burning altar of Makhleb.
  6173 | D:5      | Entered Level 5 of the Dungeon
  6211 | D:5      | Noticed Ijyb
  6213 | D:5      | Killed Ijyb
  6466 | D:5      | Reached skill level 6 in Spellcasting
  6527 | D:5      | Reached XP level 8. HP: 39/50 MP: 0/0
  7491 | D:6      | Reached skill level 7 in Spellcasting
  8394 | D:6      | Reached skill level 8 in Spellcasting
  8394 | D:6      | Reached XP level 9. HP: 46/55 MP: 0/0
  8394 | D:6      | Learned a level 3 spell: Swiftness
  8493 | D:7      | Found a staircase to the Ecumenical Temple.
  8663 | D:7      | Found a broken altar of Ashenzari.
  8667 | D:7      | Found a white marble altar of Elyvilon.
  8670 | D:7      | Found a shadowy altar of Dithmenos.
  9331 | D:7      | Noticed Pikel
  9346 | D:7      | Killed Pikel
  9347 | D:7      | Reached skill level 9 in Spellcasting
  9574 | D:7      | Found a sparkling altar of Nemelex Xobeh.
  9676 | D:7      | Found a glowing silver altar of Zin.
  9676 | D:7      | Noticed an angel
  9695 | D:7      | Found a stormy altar of Qazlal.
  9833 | Temple   | Entered the Ecumenical Temple
 10499 | D:8      | Reached XP level 10. HP: 39/60 MP: 0/0
 10595 | D:8      | Reached skill level 10 in Spellcasting
 10720 | D:8      | Reached skill level 1 in Armour
 10733 | D:8      | Killed by an exploding water moccasin... ignited by their
                  | inner flame

Illustrated notes

Levels and vault maps discovered:
D:1:      eino_arrival_water_star, layout_loops_ring,
          ebering_ecumenical_altar_webs
D:2:      layout_loops_ring, nrook_mini_backslash, uniq_robin, uniq_sigmund
D:3:      layout_loops_corners, serial_shops, nicolae_shop_stone
D:4:      layout_loops_ring, okawaru_ov_weapons_minmay,
          makhleb_heckhound_becter, serial_shops, nicolae_lakefront_shop,
          portal_sewer_entry_d, minmay_liquid_box, minmay_misc_feat_rugged
D:5:      minmay_thick_lines, layout_rooms, uniq_ijyb
D:6:      layout_basic, fountainhead
D:7:      layout_loops_cross, zin_angel, nemelex_xobeh_ov_fountains_minmay,
          grunt_temple_overflow_open, minmay_temple_entry_mini_moons, uniq_pikel
D:8:      layout_gridville, due_lair_maze_entry_diamond, solitary_fountain
Temple:   nicolae_temple_x_marks_the_god

Skill      XL: |  1  2  3  4  5  6  7  8  9 10 |
---------------+-------------------------------+-----
Spellcasting   | 3 4 5 6 8 9 10 | 10.5
Stealth        | 2 3 |  3.4
Dodging        | 3 |  3.7
Armour         | 1 |  1.8
Fighting       | |  0.1

Action                   |  1- 3 |  4- 6 |  7- 9 | 10-12 || total
-------------------------+-------+-------+-------+-------++-------
 Cast: Foxfire           |    84 |    74 |   103 |    16 ||   277
       Scorch            |    12 |    17 |    29 |     5 ||    63
       Inner Flame       |       |    36 |    58 |    14 ||   108
       Summon Guardian G |       |       |    14 |     3 ||    17
       Searing Ray       |       |       |     1 |       ||     1
       Swiftness         |       |       |     1 |       ||     1
Armor: Robe              |     2 |       |     1 |       ||     3
       Leather armour    |       |       |     1 |       ||     1
Dodge: Dodged            |     2 |     2 |     2 |     7 ||    13
